 Dungeon Crawl Stone Soup version 0.28.0-53-g5a82cb258f (webtiles) character file.

Game seed: 3051638113722643656

711 Godmorgon the Cudgeller (level 7, -5/62 HPs)
             Began as a Minotaur Fighter on Aug 6, 2022.
             Was an Initiate of the Shining One.
             Killed from afar by a goblin (15 damage)
             ... with a bolt of acid
             ... on level 3 of the Dungeon.
             The game lasted 00:14:15 (3328 turns).

Godmorgon the Cudgeller (Minotaur Fighter)          Turns: 3328, Time: 00:14:16

Health: -5/62      AC:  0    Str: 23    XL:     7   Next: 40%
Magic:  6/6        EV:  9    Int:  5    God:    the Shining One [......]
Gold:   146        SH:  9    Dex:  9    Spells: 6/6 levels left

rFire   . . .      SeeInvis .   a - +0 morningstar (venom)
rCold   + . .      Faith    .   c - +0 buckler
rNeg    . . .      Spirit   .   f - +0 scale mail
rPois   .          Reflect  +   (helmet restricted)
rElec   .          Harm     .   (no cloak)
rCorr   .          Rampage  .   (no gloves)
Will    .....                   (no boots)
Stlth   ..........              e - amulet of reflection
HPRegen 0.20/turn               h - ring of protection from cold
MPRegen 0.10/turn               (no ring)

@: corroded, glowing
A: horns 2, retaliatory headbutt
a: Renounce Religion


You were on level 3 of the Dungeon.
You worshipped the Shining One.
The Shining One was noncommittal.
You visited 2 branches of the dungeon, and saw 7 of its levels.
You also visited: Sewer.

You collected 185 gold pieces.
You spent 39 gold pieces at shops.

Inventory:

Hand Weapons
 a - a +0 morningstar of venom (weapon)
Missiles
 n - a throwing net (quivered)
Armour
 c - a +0 buckler (worn)
 f - a +0 scale mail (worn)
Jewellery
 e - an amulet of reflection (around neck)
 h - a ring of protection from cold (left hand)
Scrolls
 b - a scroll of blinking {unknown}
 i - 3 scrolls of immolation
 k - 2 scrolls of teleportation
 p - a scroll of enchant armour {unknown}
 q - a scroll of fog {unknown}
 r - a scroll of fear {unknown}
Potions
 d - 3 potions of might
 g - a potion of magic {unknown}
 j - 5 potions of curing
 l - a potion of degeneration {unknown}
 m - 2 potions of heal wounds {unknown}


   Skills:
 + Level 5.8 Fighting
 * Level 6.9 Maces & Flails
 + Level 5.9 Armour
 - Level 5.0 Shields


You had 6 spell levels left.
You didn't know any spells.
Your spell library was empty.

Dungeon Overview and Level Annotations

Branches:
Dungeon (6/15)             Temple (1/1) D:5           Sewer (visited)

Altars:
Ashenzari
Cheibriados
Hepliaklqana
Okawaru
Qazlal
Trog
Vehumet
Xom
Yredelemnul
The Shining One

Shops:
D:3 !=(

Annotations:
D:5 Dowan, Duvessa


Innate Abilities, Weirdness & Mutations

You have a pair of horns on your head.
You reflexively headbutt those who attack you in melee.


Message History

Found 29 sling bullets. 2 gnolls come into view.
The gnoll shouts! x2
A gnoll comes into view. It is wielding a +0 whip.
You closely miss the gnoll.
The gnoll shouts!
You headbutt the gnoll.
The gnoll is lightly wounded.
The gnoll closely misses you.
You hit the gnoll.
The gnoll is poisoned.
The gnoll is lightly wounded.
You block the gnoll's attack.
There is a stone staircase leading up here.
The gnoll hits you with a +0 flail.
The gnoll hits you from afar with a +0 spear!
You climb upwards.
The hobgoblin shouts!
The goblin shouts!
You hear a shout! x3
An adder comes into view.
The goblin zaps a wand.
The bolt of acid misses you. The goblin barely misses you.
Found 10 gold pieces.
There is a stone staircase leading down here.
The adder hisses angrily.
You hit the gnoll.
The gnoll looks even sicker.
The gnoll is almost dead.
The gnoll hits you with a +0 flail. The goblin closely misses you.
You barely miss the gnoll.
The gnoll is almost dead.
You kill the gnoll!
The goblin zaps a wand.
The bolt of acid hits you!! The acid corrodes you!
You miss the adder. Your headbutt misses the adder.
You block the adder's attack.
The goblin zaps a wand.
The bolt of acid hits you!
* * * LOW HITPOINT WARNING * * *
The acid corrodes you! The adder barely misses you. You furiously retaliate!
You headbutt the adder. You puncture the adder!
You kill the adder!
The goblin zaps a wand.
The bolt of acid hits you!
You die...

...
.........................#
#.
.................#..##....#
# ...#.####..###..##....#
.# ..... ##..##....##### .#
..# .#...∩...# ## ...
#....).#### #...$ #####..#
##...######..# #
#......@)##..# #.#
#.....g†g.#..# ..#
#.......#.#..# .##
#.......#... .# #.......#
#.. ## #........ ##.# #
#####.##. . # #. . #


You could see a hobgoblin and a goblin.

Vanquished Creatures
  A water moccasin (Sewer)
  A necrophage (Temple)
  A centaur (D:5)
  A scorpion (D:3)
  A jelly (D:5)
  3 hounds
  An orc priest (D:5)
  An iguana (D:6)
  A killer bee zombie (D:6)
  5 adders
  4 gnolls (D:3)
  An adder skeleton (D:2)
  2 worms
  4 dart slugs (D:1)
  4 orcs
  5 ball pythons
  10 bats
  7 endoplasms
  4 giant cockroaches
  6 goblins
  3 hobgoblins
  14 jackals
  11 kobolds
  2 quokkas
  3 frilled lizards
  7 rats
103 creatures vanquished.

Vanquished Creatures (others)
  9 plants (D:2)
  3 withered plants (D:2)
12 creatures vanquished.

Grand Total: 115 creatures vanquished

Notes
Turn   | Place    | Note
-------+----------+-------------------------------------------
     0 | D:1      | Godmorgon the Minotaur Fighter began the quest for the Orb.
     0 | D:1      | Reached XP level 1. HP: 19/19 MP: 0/0
   153 | D:1      | Reached XP level 2. HP: 16/27 MP: 1/1
   283 | D:1      | Reached skill level 3 in Maces & Flails
   358 | D:1      | Reached XP level 3. HP: 33/33 MP: 2/2
   828 | D:2      | Found a basalt altar of Yredelemnul.
  1078 | D:2      | Reached XP level 4. HP: 39/40 MP: 3/3
  1097 | D:2      | Found a faded altar of an unknown god.
  1328 | D:2      | Reached skill level 4 in Maces & Flails
  1707 | D:3      | Noticed a scorpion
  1709 | D:3      | Found Onuahu's Distillery.
  1717 | D:3      | Killed a scorpion
  1718 | D:3      | Reached XP level 5. HP: 12/47 MP: 4/4
  2020 | D:3      | Bought a potion of curing for 39 gold pieces
  2222 | D:3      | Found Qeilees's Jewellery Shoppe.
  2254 | D:3      | Found Kimubb's Antique Weapon Boutique.
  2265 | D:3      | You fall into a shaft and drop 3 floors!
  2280 | D:6      | Reached skill level 5 in Maces & Flails
  2289 | D:6      | Reached XP level 6. HP: 49/55 MP: 5/5
  2333 | D:5      | Entered Level 5 of the Dungeon
  2374 | D:5      | Reached skill level 5 in Fighting
  2374 | D:5      | Reached skill level 5 in Armour
  2374 | D:5      | Reached skill level 5 in Shields
  2405 | D:5      | Noticed Duvessa
  2406 | D:5      | Noticed Dowan
  2478 | D:5      | Found a staircase to the Ecumenical Temple.
  2487 | Temple   | Entered the Ecumenical Temple
  2517 | Temple   | Became a worshipper of the Shining One
  2797 | Temple   | Reached skill level 6 in Maces & Flails
  2797 | Temple   | Reached XP level 7. HP: 37/61 MP: 6/6
  2992 | D:4      | Found an iron altar of Okawaru.
  3052 | D:4      | Found a glowing drain.
  3172 | Sewer    | Entered a sewer
  3328 | D:3      | Killed from afar by a goblin

Illustrated notes

Levels and vault maps discovered:
D:1:      evilmike_arrival_plus, layout_loops_ring
D:2:      layout_basic, ebering_ecumenical_altar_petrified, basic_altar,
          chequers_big_river
D:3:      layout_rooms, fedhas_altar_3, mainiacjoe_overflow_cross_hatched,
          serial_shops, shop, nicolae_shop_crystal, nicolae_square_shop,
          kennysheep_generic_room_6
D:4:      layout_gridville, nicolae_ru_great_annihilating_truth,
          okawaru_gym_becter, cheibrodos_sewer_entry_drain
D:5:      layout_gridville, overflow_temple_1_default,
          minmay_temple_entry_drinking_statues, roderic_batcave, uniq_eustachio,
          uniq_duvessa, uniq_grinder
D:6:      layout_rooms, nicolae_overflow_hidden_temple, serial_glass,
          glass_columns_b, glass_columns_b, feat_on_display,
          due_unseen_surprise, minmay_misc_feat_nine_boxes
Temple:   jpeg_temple_island

Skill      XL: |  1  2  3  4  5  6 |
---------------+-------------------+-----
Maces & Flails | 3 4 5 6 |  6.9
Shields        | 4 5 |  5.0
Fighting       | 4 5 |  5.8
Armour         | 4 5 |  5.9

Action                   |  1- 3 |  4- 6 |  7- 9 || total
-------------------------+-------+-------+-------++-------
Melee: Flail             |     7 |       |       ||     7
       Short sword       |    82 |    58 |       ||   140
       Headbutt          |    11 |    16 |     3 ||    30
       Morningstar       |       |    40 |    34 ||    74
  Use: Scroll            |       |       |     4 ||     4
Armor: Scale mail        |    30 |    43 |     9 ||    82
Dodge: Dodged            |    34 |    45 |    11 ||    90
Block: Buckler           |    34 |    58 |    10 ||   102
       Reflection        |     3 |     5 |       ||     8
